AoeStats
← Beisser

Nomad

507957654Analyzed
2v2 RM · 10d ago on Sep 20, 2026· 32m 57s· 4 players
Game mode
Random Map
Map size
176×176
Population
200
Speed
Normal
Resources
Standard
Victory
Conquest
Starting age
Dark Age
Ending age
Imperial Age
RankedLock teamsTeams togetherTeam positionsShared explorationLock speedFull tech treeHidden civsTurbo modeCheats
Victory
Defeat
🇨🇭 Bohemians · Switzerland
1420
+15
🇨🇭 Ethiopians · Switzerland
1419
+15
🇪🇸 Saracens · Spain
1421
-16
🇪🇸 Gurjaras · Spain
1363
-14
[KBRA] Huracan_Parre
3:29 Loom
12:32 Feudal Age
18:16 Fishing Lines
19:39 Forging
23:40 Castle Age
25:56 Medium Warships
26:29 Double-Bit Axe
26:50 Town Watch
27:41 Wheelbarrow
30:03 Fletching
[KBRA] EagleK
5:18 Loom
14:27 Feudal Age
19:35 Fishing Lines
22:20 Castle Age
20:43 Double-Bit Axe
20:43 Horse Collar
21:57 Scale Barding Armor
22:07 Bloodlines
23:34 Wheelbarrow
23:18 Gold Mining
23:23 Stone Mining
23:48 Bow Saw
24:05 Chain Barding Armor
23:56 Forging
26:48 Medium Warships
31:13 Iron Casting
orpic
5:07 Loom
15:14 Feudal Age
16:49 Town Watch
19:39 Castle Age
17:26 Fishing Lines
18:04 Double-Bit Axe
21:37 Bow Saw
22:45 Fervor
23:15 Wheelbarrow
26:36 Imperial Age
25:47 Hand Cart
26:36 Chemistry
26:32 Sanctity
26:11 Gillnets
26:43 Pikeman
27:18 Horse Collar
30:56 Halberdier
Beisser
9:39 Loom
14:19 Feudal Age
20:37 Castle Age
21:37 Medium Warships
21:39 Forging
23:21 Double-Bit Axe
24:58 Fletching
Connection lost

Rejoining the realm…

Still unreachable

The connection could not be restored.

Session expired

The server has moved on; the page needs a fresh start.